 Dungeon Crawl Stone Soup version 0.20-a0-427-g8b12978 (webtiles) character file.

14651 Kriby the Thaumaturge (level 11, -2/81 HPs)
             Began as a Mummy Fire Elementalist on Jan 1, 2017.
             Was a Priest of Sif Muna.
             Slain by a spiny frog (6 damage)
             ... on level 2 of the Lair of Beasts.
             The game lasted 00:53:40 (18080 turns).

Kriby the Thaumaturge (Mummy Fire Elementalist)    Turns: 18080, Time: 00:53:40

Health: -2/81      AC: 30    Str: 11    XL:     11   Next: 91%
Magic:  0/33       EV:  1    Int: 23    God:    Sif Muna [***...]
Gold:   571        SH:  9    Dex: 14    Spells: 10/28 levels left

rFire  x . .     SeeInvis .     a - +2 whip (flame)
rCold  . . .     Gourm    .     H - +13 plate armour of Experimentation {rC- MR++ Int+4}
rNeg   + + +     Faith    .     w - +1 shield
rPois  ∞         Spirit   +     o - +0 helmet
rElec  .         Reflect  .     x - +2 cloak
rCorr  .         Harm     .     (no gloves)
MR     +++..                    s - +0 pair of boots
Stlth  ..........               h - amulet of guardian spirit
                                L - +2 ring of intelligence
                                g - ring of magical power

@: repel missiles
A: no food or potions, fire vulnerability, cold resistance 1, negative energy
resistance 3, torment resistance, unbreathing
a: Divine Energy, Channel Magic, Renounce Religion


You were on level 2 of the Lair of Beasts.
You worshipped Sif Muna.
Sif Muna was most pleased with you.
You were not hungry.

You visited 3 branches of the dungeon, and saw 13 of its levels.
You also visited: Ossuary.

You collected 571 gold pieces.

Inventory:

Hand Weapons
 a - a +2 whip of flaming (weapon)
 b - a +2 hunting sling of flaming
 I - a +2 dire flail
Missiles
 j - 8 tomahawks (quivered)
 M - 17 sling bullets
Armour
 l - a +2 leather armour of cold resistance
 o - a +0 helmet (worn)
 s - a +0 pair of boots (worn)
 w - a +1 shield (worn)
 x - a +2 cloak (worn)
 H - the +13 plate armour of Experimentation (worn) {rC- MR++ Int+4}
   (You took it off a big kobold on level 9 of the Dungeon)

   It affects your intelligence (+4).
   It makes you vulnerable to cold.
   It affects your resistance to hostile enchantments.
Magical Staves
 r - an uncursed staff of earth
 E - an uncursed staff of cold
Jewellery
 g - a ring of magical power (left hand)
 h - an amulet of guardian spirit (around neck)
 L - a +2 ring of intelligence (right hand)
Wands
 e - a wand of paralysis (0/24)
 p - a wand of acid (0/15)
 q - a wand of flame (0/48)
 t - a wand of iceblast (0/15)
 C - a wand of confusion (0/48)
 D - a wand of polymorph (0/24)
 K - a wand of enslavement (12/24)
Scrolls
 c - 3 scrolls of identify
 d - a scroll of blinking
 f - 2 scrolls of enchant weapon
 i - 5 scrolls of recharging
 k - 4 scrolls of enchant armour
 n - 8 scrolls of remove curse
 u - 2 scrolls of noise
 z - 3 scrolls of magic mapping
Books
 m - a book of Necromancy

   Spells                             Type                      Level
   a - Pain                           Necromancy                   1
   b - Animate Skeleton               Necromancy                   1
   c - Vampiric Draining              Necromancy                   3
   d - Regeneration                   Charms/Necromancy            3
   e - Animate Dead                   Necromancy                   4
   f - Control Undead                 Necromancy                   4
 A - a book of Minor Magic

   Spells                             Type                      Level
   a - Magic Dart                     Conjuration                  1
   b - Blink                          Translocation                2
   c - Call Imp                       Summoning                    2
   d - Repel Missiles                 Charms/Air                   2
   e - Slow                           Hexes                        2
   f - Conjure Flame                  Conjuration/Fire             3
   g - Mephitic Cloud                 Conjuration/Poison/Air       3
 B - a book of Battle

   Spells                             Type                      Level
   a - Infusion                       Charms                       1
   b - Shroud of Golubria             Charms/Translocation         2
   c - Song of Slaying                Charms                       2
   d - Spectral Weapon                Hexes/Charms                 3
   e - Regeneration                   Charms/Necromancy            3
 G - a book of Flames

   Spells                             Type                      Level
   a - Flame Tongue                   Conjuration/Fire             1
   b - Throw Flame                    Conjuration/Fire             2
   c - Conjure Flame                  Conjuration/Fire             3
   d - Inner Flame                    Hexes/Fire                   3
   e - Sticky Flame                   Conjuration/Fire             4
   f - Fireball                       Conjuration/Fire             5


   Skills:
 * Level 6.1 Fighting
 + Level 6.9 Maces & Flails
 + Level 3.9 Armour
 - Level 2.1 Dodging
 - Level 1.5 Stealth
 + Level 3.9 Shields
 - Level 9.2 Spellcasting
 - Level 7.5 Conjurations
 - Level 8.1 Fire Magic
 - Level 1.2 Evocations


You had 10 spell levels left.
You knew the following spells:

 Your Spells              Type           Power        Failure   Level  Hunger
a - Flame Tongue          Conj/Fire      #####        99%         1    N/A
b - Conjure Flame         Conj/Fire      #####...     100%        3    N/A
c - Sticky Flame          Conj/Fire      #####...     100%        4    N/A
d - Throw Flame           Conj/Fire      #####.       100%        2    N/A
f - Fireball              Conj/Fire      #####.....   100%        5    N/A
z - Repel Missiles        Chrm/Air       ##....       100%        2    N/A
C - Animate Skeleton      Necr           N/A          100%        1    N/A

Dungeon Overview and Level Annotations

Branches:
Dungeon (10/15)            Temple (1/1) D:6            Lair (2/6) D:8
  Swamp: Lair:2-4    Shoals: Lair:2-4     Snake: Lair:2-4    Spider: Lair:2-4
    Orc: D:9-12

Altars:
Ashenzari
Cheibriados
Dithmenos
Elyvilon
Fedhas
Gozag
Hepliaklqana
Kikubaaqudgha
Makhleb
Nemelex Xobeh
Okawaru
Qazlal
Ru
Sif Muna
Trog
Uskayaw
Vehumet
Xom
Yredelemnul
Zin
The Shining One

Annotations:
D:2 exclusion: downstairs
D:6 exclusion: downstairs
D:7 marsu's ghost, novice MfGl


Innate Abilities, Weirdness & Mutations

You do not eat or drink.
Your flesh is vulnerable to fire.
You are immune to poison.
Your flesh is cold resistant. (rC+)
You are immune to negative energy. (rN+++)
You are immune to unholy pain and torment.
You can survive without breathing.


Message History

Okay, then.
A spiny frog comes into view.
The spiny frog gives a loud, deep croak!
A spiny frog comes into view.
The spiny frog croaks.
The spiny frog stings you but does no damage.
The spiny frog stings you.
* * * LOW HITPOINT WARNING * * *
Unknown command.
Unknown command.
You block the spiny frog's attack.
The spiny frog stings you but does no damage.
Found a scroll of blinking.
Found a glowing amethyst amulet.
Found a scroll of remove curse.
You block the spiny frog's attack.
You see here a scroll of blinking.
d - a scroll of blinking The spiny frog stings you!
You die...

###...## #.....##...... .....#
#.......#.....
.?...P#####.#.......#.##
.F..............".l#.....#.###
#..........................##
#l.....##..........#........#
......# ####.............#.P#
##.....# ##..FF...P.....P.##
......# #...@....#........#
###.....##
#.#........#...##..###
#.lF....P# #
#..................#
###.....P#
#.......###.#.....#.#
#.....###
##.......###.........
###.......# .......##
##.....###
.........#####......# #......#
##......###..#......##
##.....###
##..................#
#.....##.[


You could see a komodo dragon and 2 spiny frogs.

Vanquished Creatures
  A hydra (Lair:1)
  2 two-headed ogres
  Pikel (D:7)
  A manticore (D:10)
  A black mamba (Lair:1)
  Joseph (D:10)
  3 spiny frogs
  A komodo dragon (Lair:1)
  5 hippogriffs
  Sigmund (D:5)
  19 yaks
  A hungry ghost (D:9)
  Grum (Lair:1)
  3 water moccasins
  A porcupine (Lair:2)
  A swamp drake (Lair:1)
  3 sky beasts
  An orc warrior (D:6)
  5 ice beasts
  5 phantoms
  3 wolves (D:8)
  6 ogres
  4 crocodiles (Lair:1)
  2 big kobolds
  Blork the orc (D:4)
  2 wyvern zombies
  8 bullfrogs
  2 water moccasin zombies (Ossuary)
  4 scorpions
  A water moccasin skeleton (D:10)
  14 killer bees
  4 wights (D:9)
  A howler monkey (D:8)
  2 crimson imps (D:7)
  A bullfrog zombie (D:10)
  A quasit (D:7)
  2 orc priests
  2 hounds
  A gnoll shaman (D:9)
  Crazy Yiuf (D:5)
  A centaur skeleton (D:4)
  A bullfrog skeleton (D:9)
  An iguana (D:9)
  2 orc wizards
  5 worker ants
  A big kobold zombie (Ossuary)
  A hound zombie (D:6)
  2 mummies (Ossuary)
  A howler monkey zombie (D:9)
  Robin (D:3)
  11 gnolls
  13 adders
  2 shadow imps
  3 oozes
  5 adder zombies (Ossuary)
  2 adder skeletons
  4 worms
  A dart slug (D:2)
  9 leopard geckos
  23 orcs
  A ball python (D:3)
  5 giant cockroaches
  3 gnoll zombies (Ossuary)
  10 goblins
  7 hobgoblins
  5 jackals
  19 kobolds
  5 quokkas
  7 bats
  5 frilled lizards
  5 hobgoblin zombies (Ossuary)
  5 kobold zombies (Ossuary)
  2 leopard gecko skeletons
  4 orc zombies (Ossuary)
  8 rats
299 creatures vanquished.

Vanquished Creatures (collateral kills)
  A big kobold (D:9)
  2 wights (D:9)
  A bullfrog zombie (D:5)
4 creatures vanquished.

Vanquished Creatures (others)
  A slave (D:7)
  An orc (D:7)
  A kobold (D:7)
  A bush (Lair:2)
  2 fungi (Lair:2)
6 creatures vanquished.

Grand Total: 309 creatures vanquished

Notes
Turn   | Place    | Note
-------+----------+-------------------------------------------
     0 | D:1      | Kriby the Mummy Fire Elementalist began the quest for the Orb.
     0 | D:1      | Reached XP level 1. HP: 13/13 MP: 4/4
    79 | D:1      | Reached skill level 1 in Conjurations
   202 | D:1      | Reached XP level 2. HP: 19/19 MP: 2/5
   606 | D:2      | Reached skill level 3 in Spellcasting
   636 | D:2      | Reached XP level 3. HP: 22/24 MP: 3/7
  1544 | D:2      | Reached XP level 4. HP: 29/30 MP: 1/9
  2012 | D:3      | Learned a level 3 spell: Conjure Flame
  2017 | D:3      | Learned a level 4 spell: Sticky Flame
  2020 | D:3      | Learned a level 2 spell: Throw Flame
  2039 | D:3      | Reached XP level 5. HP: 26/35 MP: 4/10
  2179 | D:3      | Reached skill level 4 in Spellcasting
  2236 | D:3      | Learned a level 1 spell: Animate Skeleton
  2294 | D:3      | Noticed Robin
  2355 | D:3      | Killed Robin
  3142 | D:4      | Noticed Blork the orc
  3175 | D:4      | Killed Blork the orc
  3175 | D:4      | Reached XP level 6. HP: 37/41 MP: 5/13
  3239 | D:4      | Reached skill level 5 in Spellcasting
  3505 | D:4      | Found a sand-covered staircase.
  3510 | Ossuary  | Entered an ossuary
  3550 | Ossuary  | Reached XP level 7. HP: 32/46 MP: 3/14
  4374 | D:4      | Found a snail-covered altar of Cheibriados.
  4602 | D:5      | Entered Level 5 of the Dungeon
  4847 | D:5      | Found a radiant altar of Vehumet.
  5000 | D:5      | Reached skill level 5 in Conjurations
  5142 | D:5      | Killed Sigmund
  5142 | D:5      | Reached skill level 6 in Spellcasting
  5142 | D:5      | Reached XP level 8. HP: 31/52 MP: 7/17
  5429 | D:5      | Found a runed door.
  5433 | D:5      | Noticed Crazy Yiuf
  5436 | D:5      | Killed Crazy Yiuf
  5717 | D:6      | Found a staircase to the Ecumenical Temple.
  5726 | Temple   | Entered the Ecumenical Temple
  6463 | D:6      | Found an opulent altar of Gozag.
  6464 | D:6      | Found a deep blue altar of Sif Muna.
  6467 | D:6      | Found a white marble altar of Elyvilon.
  6467 | D:6      | Found a shimmering altar of Xom.
  6472 | D:6      | Became a worshipper of Sif Muna the Loreminder
  6840 | D:7      | Reached skill level 5 in Fire Magic
  6911 | D:7      | Learned a level 2 spell: Repel Missiles
  7087 | D:7      | Reached skill level 7 in Spellcasting
  7094 | D:7      | Noticed Pikel
  7104 | D:7      | Noticed marsu's ghost (novice MfGl)
  7657 | D:7      | Reached * piety under Sif Muna
  7657 | D:7      | Reached XP level 9. HP: 39/57 MP: 13/20
  7773 | D:7      | Killed Pikel
  8394 | D:7      | Reached skill level 8 in Spellcasting
  8636 | D:8      | Reached ** piety under Sif Muna
  8867 | D:8      | Noticed a two-headed ogre
  8882 | D:8      | Killed a two-headed ogre
  9022 | D:8      | Reached skill level 9 in Spellcasting
  9069 | D:8      | Found a staircase to the Lair.
  9268 | D:8      | Reached XP level 10. HP: 57/64 MP: 21/23
  9399 | D:8      | Reached skill level 1 in Fighting
  9754 | D:8      | Reached *** piety under Sif Muna
  9876 | D:9      | Learned a level 5 spell: Fireball
 10000 | D:9      | Reached skill level 1 in Evocations
 10205 | D:9      | Identified the +13 plate armour of Experimentation {rC- MR++ Int+4} (You took it off a big kobold on level 9 of the Dungeon)
 10867 | D:9      | Reached skill level 1 in Shields
 11142 | D:9      | Reached skill level 1 in Maces & Flails
 11591 | D:9      | Reached skill level 5 in Maces & Flails
 12048 | D:9      | Reached skill level 1 in Armour
 12375 | D:9      | Noticed a two-headed ogre
 12394 | D:9      | Killed a two-headed ogre
 12394 | D:9      | Reached XP level 11. HP: 62/74 MP: 24/24
 12749 | D:10     | Entered Level 10 of the Dungeon
 13514 | D:10     | Noticed Joseph
 13544 | D:10     | Killed Joseph
 13862 | D:10     | Noticed a cyan ugly thing
 14235 | Lair:1   | Entered Level 1 of the Lair of Beasts
 14533 | Lair:1   | Noticed a four-headed hydra
 14544 | Lair:1   | Killed a four-headed hydra
 14683 | Lair:1   | Noticed Grum
 15025 | Lair:1   | Killed Grum
 15606 | Lair:1   | Reached skill level 5 in Fighting
 18056 | Lair:2   | HP: 1/81 [spiny frog (10)]
 18070 | Lair:2   | HP: 1/81 [spiny frog (3)]
 18080 | Lair:2   | Slain by a spiny frog

Vault maps used:
D:1:      kennysheep_arrival_forest, minmay_misc_feat_room
D:2:      minmay_tree_intersection, minmay_stone_trees_small
D:3:      uniq_robin
D:4:      cheibriados_altar_1, enter_ossuary_2, uniq_blork_the_orc
D:5:      first_bread, vehumet_altar_wand_db, uniq_sigmund,
          uniq_crazy_yiuf_cottage
D:6:      grunt_temple_overflow_open
D:7:      uniq_pikel
D:8:      dpeg_oklobed_lair
D:10:     minmay_diamond_stairs, uniq_joseph, uniq_josephine
Temple:   eino_temple_scatter_basement
Lair:1:   infiniplex_staircase_pool, uniq_grum
Lair:2:   guppyfry_snake_entry_garden, minivault_24, beast_lair_carwin_10
Ossuary:  ossuary_tomb_2

Skill      XL: |  1  2  3  4  5  6  7  8  9 10 11 |
---------------+----------------------------------+-----
Conjurations   | 1 2 3 4 5 6 7 |  7.5
Spellcasting   | 3 4 5 6 7 9 |  9.2
Fire Magic     | 3 4 5 7 8 |  8.1
Fighting       | 2 6 |  6.1
Evocations     | 1 |  1.2
Dodging        | 2 |  2.1
Shields        | 1 3 |  3.9
Maces & Flails | 5 6 |  6.9
Armour         | 1 3 |  3.9
Stealth        | |  1.5

Action                   |  1- 3 |  4- 6 |  7- 9 | 10-12 || total
-------------------------+-------+-------+-------+-------++-------
Melee: Short sword       |    13 |    21 |     5 |       ||    39
       Spear             |       |       |    47 |       ||    47
       Whip              |       |       |       |  1154 ||  1154
       Falchion          |       |       |       |    27 ||    27
 Fire: Hunting sling     |       |       |       |     4 ||     4
Throw: Tomahawk          |       |     1 |    10 |    16 ||    27
 Cast: Flame Tongue      |    63 |   155 |   234 |    91 ||   543
       Conjure Flame     |       |     7 |    19 |     5 ||    31
       Sticky Flame      |       |       |    23 |     1 ||    24
       Animate Skeleton  |       |       |     4 |     6 ||    10
       Throw Flame       |       |       |    56 |     1 ||    57
       Repel Missiles    |       |       |     1 |     1 ||     2
Evoke: Wand              |       |       |     7 |    74 ||    81
       Phantom mirror    |       |       |       |     1 ||     1
  Use: Scroll            |       |     8 |     3 |    20 ||    31
 Stab: Paralysed         |       |       |       |    70 ||    70
       Confused          |       |       |       |     3 ||     3
       Distracted        |       |       |       |     1 ||     1
Armor: Ring mail         |    10 |       |       |       ||    10
       Robe              |     1 |       |       |       ||     1
       Leather armour    |     5 |    24 |    56 |     5 ||    90
       Plate armour      |       |       |       |   867 ||   867
Dodge: Dodged            |    27 |    51 |    65 |    46 ||   189
       Deflected         |       |       |     6 |       ||     6
Block: Shield            |       |       |       |   380 ||   380
       Rpst.: Falchion   |       |       |       |     1 ||     1
